 Dungeon Crawl Stone Soup version 0.18-a0-1694-g9f731c2 (console) character file.

128 Dingbat the Skirmisher (level 5, -8/33 HPs)
             Began as a Gargoyle Monk on Apr 4, 2016.
             Mangled by an orc warrior
             ... wielding a +0 trident
              (16 damage)
             ... on level 3 of the Dungeon on Apr 6, 2016.
             The game lasted 00:09:43 (2280 turns).

Dingbat the Skirmisher (Gargoyle Monk)              Turns: 2280, Time: 00:09:43

Health: -8/33      AC: 16    Str: 15    XL:     5   Next: 12%
Magic:  5/5        EV: 10    Int: 11    God:
Gold:   212        SH:  0    Dex: 12    Spells: 0 memorised, 4 levels left

rFire  . . .     SeeInvis .     s - -1 whip (curse)
rCold  . . .     Gourm    .     f - +2 scale mail {rN+}
rNeg   + + .     Faith    +     (no shield)
rPois  ∞         Spirit   .     r - +1 helmet
rElec  +         Dismiss  .     (no cloak)
rCorr  .         Reflect  .     k - +0 pair of gloves
SustAt .         Harm     .     (no boots)
MR     .....                    g - amulet of faith (curse)
Stlth  ++........               (no ring)
                                q - ring of stealth

@: not resistant to hostile enchantments, unstealthy
A: negative energy resistance 1, electricity resistance, unbreathing,
petrification resistance, rot immunity, AC +4
a: no special abilities


You were on level 3 of the Dungeon.
You were hungry.

You visited 1 branch of the dungeon, and saw 4 of its levels.

You collected 212 gold pieces.

Inventory:

Hand Weapons
 b - a +0 blowgun
 o - a +0 trident
 s - a cursed -1 whip (weapon)
Missiles
 i - 7 curare-tipped needles
 l - 31 poisoned needles
 t - 7 javelins (quivered)
Armour
 a - a +0 robe
 f - a +2 scale mail of positive energy (worn)
 k - a +0 pair of gloves (worn)
 r - a +1 helmet (worn)
Jewellery
 g - a cursed amulet of faith (around neck)
 q - a ring of stealth (left hand)
Potions
 c - 2 potions of lignification
 d - 2 potions of flight
 e - a potion of magic {unknown}
 h - a potion of brilliance
 n - a potion of invisibility {unknown}
 p - 2 potions of heal wounds {unknown}
 v - a potion of degeneration {unknown}
 w - 3 potions of berserk rage {unknown}
 x - a potion of curing {unknown}
Comestibles
 j - a beef jerky
 m - 3 bread rations
 u - a meat ration


   Skills:
 - Level 4.1 Fighting
 * Level 2.2 Polearms
 + Level 3.1 Armour
 - Level 2.4 Dodging
 - Level 2.1 Stealth
 - Level 4.0 Unarmed Combat


You had 4 spell levels left.
You didn't know any spells.

Dungeon Overview and Level Annotations

Branches:
Dungeon (4/15)
 Temple: D:4-7

Altars:
Okawaru
Yredelemnul

Annotations:
D:3 Yred is a FAG, exclusion: downstairs
D:4 Robin


Innate Abilities, Weirdness & Mutations

You are resistant to torment.
Your stone body is resilient (AC +4).
You are immune to poison.
You resist negative energy.
You are resistant to electric shocks.
You can survive without breathing.
You are immune to petrification.
You are immune to rotting.


Message History

The worker ant bites you but does no damage.
Found a bread ration and a scroll labeled LUV WOUTEDUB.
The bat hits you but does no damage. The bat closely misses you.
Found 11 sling bullets of frost.
A giant cockroach comes into view.
The bat barely misses you. The bat barely misses you.
Found 2 fruits.
The bat closely misses you. The bat hits you but does no damage.
The bat closely misses you. The bat hits you but does no damage.
The bat closely misses you.
There is a stone staircase leading up here.
The bat hits you but does no damage. x2
You climb upwards.
Level annotation: Yred is a FAG, exclusion: downstairs The orc warrior hits you with a trident!
You die...

########.# #.# #........# #.#
#.######## #.### #.# #....
#############.# ####.
#..........##.# #.
#..........##.# #.
####..........##.# #.
...'.........o'o@# ###.
#.##..........#### ###...
#.##..........# #....#
#.##..........# ########.#..#
#.##..........# #...........#
#.##..........#######'######.#÷.#
#.##....................#..#.#.##
#.##.............................
#.##((.......................###.


You could see an orc warrior and an orc.

Vanquished Creatures
  A worker ant (D:4)
  5 adders
  3 dart slugs
  An orc (D:3)
  4 bats
  4 giant cockroaches
  6 goblins
  8 hobgoblins
  4 jackals (D:2)
  2 quokkas
  2 ball pythons (D:3)
  6 kobolds
  3 rats
49 creatures vanquished.

Notes
Turn   | Place    | Note
--------------------------------------------------------------
     0 | D:1      | Dingbat the Gargoyle Monk began the quest for the Orb.
     0 | D:1      | Reached XP level 1. HP: 14/14 MP: 1/1
     0 | D:1      | Upgraded the game from 0.18-a0-1685-g4482fe3 to 0.18-a0-1694-g9f731c2
   260 | D:3      | Reached skill level 1 in Armour
   260 | D:3      | Reached XP level 2. HP: 14/20 MP: 2/2
   557 | D:4      | Noticed Robin
   596 | D:3      | Reached XP level 3. HP: 23/24 MP: 3/3
   704 | D:3      | Noticed a necrophage
  1006 | D:2      | Reached skill level 1 in Polearms
  1043 | D:1      | Reached XP level 4. HP: 29/29 MP: 4/4
  1672 | D:3      | Paralysed by fainting for 6 turns
  1701 | D:3      | Found an iron altar of Okawaru.
  1703 | D:3      | Found a basalt altar of Yredelemnul.
  2183 | D:3      | Noticed an orc warrior
  2259 | D:4      | Reached XP level 5. HP: 5/33 MP: 5/5
  2280 | D:3      | Mangled by an orc warrior

Vault maps used:
D:1:      dpeg_arrival_three_same_balls
D:2:      minmay_hedge_maze, grunt_ministairs_7, minmay_misc_feat_diagonals,
          minivault_19
D:3:      minitemple
D:4:      first_bread, st_stairs_12, uniq_robin

Skill      XL: |  1  2  3  4 |
---------------+-------------+-----
Armour         | 1 2 3 |  3.1
Fighting       | 4 |  4.1
Polearms       | 1 2 |  2.2
Dodging        | |  2.4
Stealth        | |  2.1
Unarmed Combat | |  4.0

Action                   |  1- 3 |  4- 6 || total
-------------------------+-------+-------++-------
Melee: Unarmed           |    73 |       ||    73
       Trident           |    50 |     6 ||    56
       Whip              |       |   246 ||   246
  Use: Scroll            |     5 |     1 ||     6
 Stab: Sleeping          |     1 |     1 ||     2
  Eat: Chunk             |       |     3 ||     3
       Beef jerky        |       |     1 ||     1
